Map: Jagannatha LE

Players

Rob

  • Race: Protoss Protoss

JonSnow - Winner!

  • Race: Zerg Zerg

Event: DreamHack SC2 Masters 2021 Fall

VOD

Have the link to the VOD?

Description

Time

  • Played on: Aug. 7, 2021, 5:46 p.m.
  • Length: 10:30

All games in this series

Show
View Real Time Build Order
Export as new Build Order

Rob Protoss 

Build Orders: 1 Gate Expand, Carriers, Carrier Rush 

Get SALT Encoding   

  12  0:00  Probe  
  13  0:12  Probe  
  14  0:17  Pylon  
  14  0:24  Probe (Chrono Boost)  
  15  0:36  Probe (Chrono Boost)  
  15  0:38  Gateway  
  16  0:44  Probe (Chrono Boost)  
  17  1:09  Nexus  
  17  1:13  Probe (Chrono Boost)  
  18  1:22  Probe (Chrono Boost)  
  18  1:24  Assimilator  
  19  1:28  Assimilator, Probe  
  20  1:41  Pylon  
  20  1:46  Cybernetics Core  
  20  1:50  Probe  
  21  2:02  Probe  
  22  2:15  Probe (Chrono Boost)  
  23  2:21  Adept (Chrono Boost)  
  23  2:24  Probe (Chrono Boost)  
  23  2:26  Stargate  
  27  2:32  Probe (Chrono Boost)  
  27  2:33  Probe (Chrono Boost)  
  28  2:38  Probe (Chrono Boost), Warp Gate  
  28  2:41  Probe  
  30  2:46  Adept  
  30  2:50  Probe  
  33  2:53  Probe  
  34  3:03  Probe  
  34  3:05  Gateway, Probe  
  36  3:11  Void Ray (Chrono Boost)  
  36  3:15  Probe  
  36  3:17  Probe  
  42  3:27  Probe  
  42  3:29  Probe  
  42  3:36  Assimilator  
  42  3:37  Assimilator  
  42  3:39  Pylon, Probe  
  43  3:41  Probe  
  43  3:42  Adept  
  43  3:45  Pylon  
  46  3:55  Stargate  
  46  3:57  Probe x2  
  48  4:09  Probe x2  
  50  4:13  Fleet Beacon  
  50  4:21  Probe x2  
  50  4:22  Pylon  
  52  4:30  Adept x2  
  55  4:39  Probe x2  
  57  4:49  Pylon  
  57  4:57  Carrier x2 (Chrono Boost)  
  63  5:05  Pylon  
  69  5:11  Nexus  
  69  5:20  Probe  
  69  5:21  Probe  
  71  5:24  Protoss Air Weapons Level 1 (Chrono Boost)  
  71  5:29  Adept x2  
  71  5:33  Pylon, Probe x2  
  77  5:43  Pylon  
  77  5:45  Probe x2  
  79  5:54  Oracle  
  79  5:55  Carrier (Chrono Boost)  
  88  5:57  Probe  
  88  5:58  Probe  
  90  6:09  Pylon, Probe  
  91  6:13  Stargate  
  91  6:15  Probe  
  92  6:18  Shield Battery  
  92  6:21  Probe  
  92  6:24  Stargate  
  92  6:25  Probe  
  94  6:29  Probe  
  95  6:33  Probe  
  95  6:37  Probe  
  97  6:43  Probe  
  97  6:45  Probe  
  97  6:46  Assimilator  
  105  6:48  Assimilator  
  105  6:49  Probe  
  105  6:51  Carrier (Chrono Boost)  
  105  6:53  Pylon  
  106  6:58  Probe  
  107  7:03  Gateway  
  107  7:04  Gateway  
  107  7:05  Forge  
  107  7:07  Carrier (Chrono Boost)  
  113  7:19  Void Ray (Chrono Boost)  
  117  7:25  Probe  
  118  7:30  Gateway  
  118  7:33  Gateway  
  118  7:34  Carrier (Chrono Boost)  
  118  7:44  Twilight Council, Gateway  
  124  7:45  Gateway  
  124  7:50  Void Ray (Chrono Boost)  
  125  7:53  Void Ray (Chrono Boost)  
  129  8:05  Zealot x2  
  133  8:07  Pylon  
  133  8:08  Pylon x2  
  133  8:09  Pylon  
  133  8:17  Pylon  
  133  8:20  Void Ray x2  
  141  8:30  Charge (Chrono Boost)  
  141  8:40  Zealot x2  
  141  8:41  Zealot x3  
  151  8:49  Pylon  
  151  8:53  Zealot  
  152  8:57  Zealot x2  
  152  9:02  Pylon  
  156  9:03  Pylon  
  156  9:05  Void Ray  
  156  9:08  Zealot x4  
  168  9:19  Zealot x3  
  174  9:26  Void Ray x2  
  174  9:27  Void Ray  
  168  9:46  Shield Battery  
  168  9:48  Shield Battery  
  158  9:53  Zealot x3  
  140  10:01  Zealot x3  
  140  10:06  Zealot x2  
  104  10:15  Zealot x3  
  102  10:23  Zealot x3  
Show
View Real Time Build Order
Export as new Build Order

JonSnow Zerg - Winner!

Build Orders: Hatch First 

Get SALT Encoding   

  12  0:01  Drone  
  13  0:12  Overlord  
  13  0:18  Drone  
  14  0:31  Drone x2  
  16  0:49  Hatchery  
  15  0:51  Drone  
  16  0:58  Drone  
  16  0:59  Drone  
  18  1:06  Extractor  
  17  1:15  Spawning Pool  
  16  1:18  Drone  
  16  1:21  Drone  
  18  1:29  Drone  
  19  1:38  Drone  
  20  1:49  Overlord  
  20  2:02  Queen, Zergling x2  
  20  2:03  Zergling x2, Queen  
  26  2:11  Metabolic Boost  
  26  2:13  Drone  
  27  2:16  Drone  
  28  2:28  Drone x2  
  30  2:38  Hatchery  
  29  2:50  Queen  
  33  2:51  Drone x2  
  33  2:55  Overlord  
  32  2:59  Drone  
  32  3:05  Zergling x2  
  34  3:06  Zergling x2  
  35  3:16  Queen, Overlord  
  35  3:18  Drone x2  
  39  3:23  Spore Crawler  
  39  3:25  Drone x2  
  40  3:28  Spore Crawler  
  40  3:31  Drone  
  40  3:33  Drone  
  42  3:35  Drone  
  42  3:40  Overlord  
  44  3:41  Drone  
  44  3:46  Queen  
  46  3:49  Drone  
  46  3:52  Zergling x4  
  49  3:56  Spore Crawler  
  49  3:57  Drone  
  49  4:04  Queen  
  49  4:05  Overlord  
  49  4:06  Drone  
  49  4:08  Drone  
  53  4:13  Overlord  
  53  4:14  Drone x2  
  55  4:20  Overlord  
  55  4:22  Queen  
  57  4:28  Drone  
  58  4:34  Drone x7  
  65  4:43  Roach Warren  
  65  4:44  Extractor  
  62  4:45  Extractor  
  62  4:46  Zergling x8  
  62  4:51  Evolution Chamber  
  64  4:57  Drone x4  
  68  5:00  Queen  
  68  5:03  Queen  
  68  5:05  Overlord  
  72  5:17  Zerg Missile Weapons Level 1  
  72  5:19  Overlord  
  72  5:26  Extractor, Drone x4  
  72  5:27  Drone x5  
  72  5:28  Drone x2  
  82  5:30  Drone  
  82  5:32  Drone  
  82  5:35  Queen  
  86  5:39  Lair  
  86  5:42  Drone x2  
  88  5:43  Drone  
  88  5:46  Drone x2  
  88  5:48  Drone  
  88  5:49  Extractor  
  91  5:50  Extractor  
  90  5:58  Drone x7  
  90  5:59  Overlord  
  97  6:09  Drone  
  98  6:14  Queen, Hatchery  
  98  6:17  Queen  
  98  6:18  Spore Crawler, Overlord  
  99  6:22  Spore Crawler, Overlord  
  98  6:29  Spore Crawler, Overlord  
  97  6:34  Overlord x2  
  97  6:38  Spire  
  96  6:46  Drone x9  
  105  6:49  Overlord  
  105  6:52  Glial Reconstitution  
  105  7:00  Overlord  
  105  7:02  Roach x6  
  117  7:14  Overlord  
  115  7:23  Drone x6  
  115  7:26  Extractor  
  115  7:27  Zerg Ground Armor Level 1  
  115  7:29  Queen x2  
  122  7:32  Overlord  
  122  7:35  Overlord  
  122  7:36  Overlord x2  
  124  7:38  Queen, Extractor  
  125  7:54  Zerg Flyer Weapons Level 1  
  125  7:56  Drone  
  126  7:58  Corruptor  
  126  7:59  Corruptor x6  
  126  8:01  Overseer  
  140  8:14  Corruptor x5  
  149  8:21  Corruptor x2  
  149  8:22  Corruptor  
  155  8:28  Drone x3  
  155  8:29  Corruptor x2  
  162  8:34  Roach  
  162  8:35  Roach x2  
  162  8:39  Overseer  
  168  8:45  Corruptor x3  
  168  8:46  Corruptor  
  176  8:56  Corruptor x3  
  176  9:00  Corruptor  
  184  9:04  Roach x3  
  188  9:18  Corruptor x3  
  194  9:31  Corruptor x2  
  188  9:52  Roach x6  
  198  9:53  Roach x5  
  198  9:57  Roach x5  
  188  10:03  Roach  
  188  10:04  Roach x4  
  182  10:10  Roach x2  
  182  10:11  Zergling x4, Roach x3  

Tags
 
Add a new tag
Caveats
  • Supply blocks, unpowered buildings, or Contaminate may cause inaccurate times.
  • Supply counts are checked every 10 seconds.